 Dungeon Crawl Stone Soup version 0.30-a0-576-g89cddaab80 (webtiles) character file.

Game seed: 8555630300992041844

350 Pooter the Chopper (level 6, -9/56 HPs)
             Began as a Minotaur Monk on Dec 30, 2022.
             Was a Believer of Okawaru.
             Mangled by Edmund
             ... wielding a +3 flail of protection
              (15 damage)
             ... on level 4 of the Dungeon.
             The game lasted 00:14:46 (2375 turns).

Pooter the Chopper (Minotaur Monk)                  Turns: 2375, Time: 00:14:47

Health: -9/56      AC: 12    Str: 18    XL:     6   Next: 33%
Magic:  4/5        EV:  8    Int:  7    God:    Okawaru [**....]
Gold:   1016       SH:  0    Dex: 12    Spells: 5/5 levels left

rFire   . . .      SeeInvis .    a - +4 spear (freeze)
rCold   . . .      Faith    .    (no shield)
rNeg    . . .      Spirit   .    q - +1 chain mail
rPois   .          Reflect  .    (helmet restricted)
rElec   .          Harm     .    b - +2 cloak
rCorr   .          Rampage  .    (no gloves)
Will    .....                    (no boots) Stlth
                                 (no amulet)
HPRegen 0.29/turn                (no ring)
MPRegen 0.09/turn                (no ring)

@: no status effects
A: horns 2, retaliatory headbutt
a: Renounce Religion, Heroism


You were on level 4 of the Dungeon.
You worshipped Okawaru.
Okawaru was pleased with you.
You visited 2 branches of the dungeon, and saw 7 of its levels.

You collected 1016 gold pieces.

Inventory:

Hand Weapons
 a - a +4 spear of freezing (weapon)
   (You took it off Robin on level 2 of the Dungeon)
 c - a +0 hand axe
Missiles
 n - 7 poisoned darts (quivered)
 Q - 22 stones
Armour
 b - a +2 cloak (worn)
   (You found it on level 1 of the Dungeon)
 q - a +1 chain mail (worn)
   (You found it on level 3 of the Dungeon)
Scrolls
 e - a scroll of blinking {unknown}
 f - a scroll of amnesia {unknown}
 i - a scroll of brand weapon {unknown}
 k - a scroll of fear
 o - a scroll of poison {!r}
 r - a scroll of enchant weapon {unknown}
 s - a scroll of fog {unknown}
Potions
 d - a potion of ambrosia
 g - 2 potions of lignification {unknown}
 h - a potion of cancellation
 j - 2 potions of heal wounds {@q2}
 l - a potion of curing {unknown}
 m - 2 potions of berserk rage {unknown}
 p - 2 potions of flight {unknown}


   Skills:
 + Level 5.1 Fighting
 * Level 6.3(6.6) Axes
 + Level 2.4(4.7) Polearms
 - Level 3.2 Dodging
 + Level 3.1 Stealth


You had 5 spell levels left.
You didn't know any spells.
Your spell library contained the following spells:

 Spells                   Type           Power      Damage    Failure   Level
 Cigotuvi's Dreadful Rot  Necr/Pois/Air  0%         N/A       100%        2
 Poisonous Vapours        Pois/Air       0%         N/A       100%        2
 Sublimation of Blood     Necr           0%         N/A       100%        2
 Wereblood                Tmut           0%         N/A       100%        2
 Mephitic Cloud           Conj/Pois/Air  0%         N/A       100%        3
 Summon Hydra             Summ           Unusable   N/A       N/A         7

Dungeon Overview and Level Annotations

Branches:
Dungeon (6/15)             Temple (1/1) D:5

Altars:
Dithmenos
Okawaru
Vehumet
Wu Jian
Yredelemnul
Zin
The Shining One

Annotations:
D:4 Edmund


Innate Abilities, Weirdness & Mutations

You have a pair of horns on your head.
You reflexively headbutt those who attack you in melee.


Message History

You furiously retaliate!
You headbutt the bat!
You kill the bat!
Okawaru accepts your kill.
There is a stone staircase leading down here.
You climb downwards.
Level annotation: Edmund
There is a stone staircase leading up here.
You gain the combat prowess of a mighty hero.
You closely miss Edmund. Your headbutt misses Edmund.
Edmund says, "I'm quite good with sums, too."
Edmund completely misses you.
You hit Edmund. You freeze Edmund. You hit Edmund. You freeze Edmund.
You headbutt Edmund, but do no damage.
Edmund zaps a wand.
The puff of flame hits you.
You barely miss Edmund. Your headbutt misses Edmund. You puncture Edmund!
You freeze Edmund. Your headbutt misses Edmund.
You punch Edmund, but do no damage.
Edmund zaps a wand.
The puff of flame hits you but does no damage.
You hit Edmund. You freeze Edmund.
Edmund hits you with a +3 flail of protection.
You hit Edmund but do no damage. You punch Edmund. You closely miss Edmund.
You headbutt Edmund, but do no damage.
Edmund drinks a potion.
Edmund seems to grow stronger.
You hit Edmund. You freeze Edmund. Your headbutt misses Edmund.
You hit Edmund but do no damage. You headbutt Edmund, but do no damage.
Edmund hits you with a +3 flail of protection.
You hit Edmund. You freeze Edmund. Your headbutt misses Edmund.
Edmund hits you with a +3 flail of protection!
You closely miss Edmund. You completely miss Edmund.
Edmund hits you with a +3 flail of protection!
* * * LOW HITPOINT WARNING * * *
You hit Edmund but do no damage.
You feel like a meek peon again.
You hit Edmund but do no damage. You headbutt Edmund, but do no damage.
Edmund says, "What use are spells, anyway?"
Edmund hits you with a +3 flail of protection!
* * * LOW HITPOINT WARNING * * *
You hit Edmund but do no damage. You headbutt Edmund, but do no damage.
Edmund zaps a wand.
The puff of flame hits you but does no damage.
You hit Edmund but do no damage. Edmund closely misses you.
You closely miss Edmund. Your headbutt misses Edmund.
Edmund hits you with a +3 flail of protection!
* * * LOW HITPOINT WARNING * * *
You hit Edmund but do no damage.
Edmund hits you with a +3 flail of protection!
You die...

###... ..... ....
#...# ....<.
#...##...... .#
#.........#
...##...##...#
.........#..###
......@@<.....##
...............##..
.!...###...........
.....##............
...........>#.....
## #....##..# ...(
#...# #... ... ##.#
#.### ... #..


You could see Edmund (strong).

Vanquished Creatures
  An ogre (D:5)
  A necrophage (D:5)
  2 hounds
  Robin (D:2)
  4 adders (D:3)
  An ufetubus (D:5)
  A worm (D:2)
  A dart slug (D:1)
  8 orcs
  6 bats
  10 endoplasms
  6 giant cockroaches
  14 goblins
  4 hobgoblins
  3 jackals (D:1)
  A quokka (D:2)
  6 ball pythons
  3 frilled lizards
  4 kobolds
  5 rats
82 creatures vanquished.

Notes
Turn   | Place    | Note
-------+----------+-------------------------------------------
     0 | D:1      | Pooter the Minotaur Monk began the quest for the Orb.
     0 | D:1      | Reached XP level 1. HP: 19/19 MP: 0/0
   201 | D:1      | Reached skill level 4 in Axes
   212 | D:1      | Reached XP level 2. HP: 27/27 MP: 1/1
   433 | D:1      | Reached XP level 3. HP: 33/33 MP: 2/2
   733 | D:2      | Noticed Robin
   744 | D:2      | Found a basalt altar of Yredelemnul.
   760 | D:2      | Killed Robin
   899 | D:2      | Identified a scroll of acquirement
   900 | D:2      | Acquired 799 gold pieces
  1061 | D:2      | Reached XP level 4. HP: 40/40 MP: 3/3
  1126 | D:2      | Reached skill level 5 in Axes
  1441 | D:3      | You fall into a shaft and drop 3 floors!
  1575 | D:5      | Entered Level 5 of the Dungeon
  1583 | D:5      | Noticed an ogre
  1590 | D:5      | Killed an ogre
  1591 | D:5      | Reached skill level 1 in Polearms
  1591 | D:5      | Reached XP level 5. HP: 21/47 MP: 4/4
  1863 | D:5      | Found a staircase to the Ecumenical Temple.
  1868 | D:5      | Reached skill level 6 in Axes
  1875 | D:5      | Reached XP level 6. HP: 49/55 MP: 5/5
  1881 | Temple   | Entered the Ecumenical Temple
  1904 | Temple   | Became a worshipper of Warmaster Okawaru
  1904 | Temple   | Reached * piety under Okawaru
  1904 | Temple   | Reached ** piety under Okawaru
  1950 | D:4      | Noticed Edmund
  1984 | D:3      | Reached skill level 5 in Fighting
  2038 | D:3      | Found a radiant altar of Vehumet.
  2375 | D:4      | Mangled by Edmund

Illustrated notes

Levels and vault maps discovered:
D:1:      kilobyte_arrival_exit_the_forest, layout_rooms,
          amcnicky_mini_corridor_feature
D:2:      layout_loops_ring, basic_altar, uniq_robin
D:3:      layout_rooms, fiery_altar_vehumet
D:4:      layout_cave_pools, gammafunk_ghost_stat_death, serial_shops,
          shop_coins, uniq_edmund, uniq_blork_the_orc, uniq_sigmund, uniq_pikel,
          uniq_ijyb
D:5:      layout_rooms, xom_confusion_cloud, amcnicky_altar_gilded,
          minmay_temple_entry_drinking_statues
D:6:      layout_gridville
Temple:   regret_index_temple_chain_breaker

Skill      XL: |  1  2  3  4  5  6 |
---------------+-------------------+-----
Axes           | 4 5 6 |  6.3
Fighting       | 4 5 |  5.1
Stealth        | 2 3 |  3.1
Polearms       | 1 2 |  2.4
Dodging        | |  3.2

Action                   |  1- 3 |  4- 6 || total
-------------------------+-------+-------++-------
Melee: Hand axe          |     8 |       ||     8
       Spear             |   110 |    97 ||   207
       Headbutt          |    14 |    10 ||    24
       Punch             |       |     2 ||     2
Throw: Dart              |       |     8 ||     8
       Stone             |       |     2 ||     2
Invok: Heroism           |       |     1 ||     1
  Use: Scroll            |     3 |     7 ||    10
       Potion            |     1 |       ||     1
 Stab: Sleeping          |     1 |     1 ||     2
Armor: Ring mail         |    40 |     9 ||    49
       Robe              |     1 |       ||     1
       Chain mail        |       |     6 ||     6
Dodge: Dodged            |    41 |    23 ||    64

Table legend: (Time is in decaauts)
 A = Elapsed time spent in this place.
 B = Non-inter-level travel time spent in this place.
 C = Inter-level travel time spent in this place.
 D = Time resting spent in this place.
 E = Time spent auto-exploring this place.
 F = Levels seen in this place.
 G = Mean time per level.
                   A        B        C        D        E       F      G
               +--------+--------+--------+--------+--------+-----+--------+
         Total |   2367 |   2303 |     64 |    315 |   1288 |   7 |  338.1 |
       Dungeon |   2335 |   2271 |     64 |    315 |   1274 |   6 |  389.2 |
        Temple |     32 |     32 |      0 |      0 |     14 |   1 |   32.0 |
               +--------+--------+--------+--------+--------+-----+--------+

Top non-repeatable levels by time:
     D:1: 737 daAuts
     D:2: 689 daAuts
     D:3: 416 daAuts
     D:5: 337 daAuts
     D:6: 133 daAuts
  Temple: 32 daAuts
     D:4: 21 daAuts
